 Dungeon Crawl Stone Soup version 0.15.1-1-gfacfea3 (webtiles) character file.

196 Johnny the Gusty (level 5, -7/39 HPs)
             Began as a Demigod Air Elementalist on Sept 23, 2014.
             Killed by divine providence
             ... invoked by an orc priest
              (12 damage)
             ... on Level 3 of the Dungeon.
             The game lasted 00:11:57 (3501 turns).

Johnny the Gusty (Demigod Air Elementalist)         Turns: 3501, Time: 00:11:57

HP  -7/39        AC  7     Str 12      XL: 5   Next: 21%
MP  12/12        EV  9     Int 21      God:
Gold 154         SH  0     Dex 16      Spells:  2 memorised,  5 levels left

rFire  . . .     SeeInvis .     a - +0 war axe
rCold  . . .     Clarity  .     t - +0 ring mail
rNeg   . . .     rCorr    .     (no shield)
rPois  .         rRot     .     (no helmet)
rElec  .         Spirit   .     g - +0 cloak
SustAb .         Warding  .     (no gloves)
rMut   .         Stasis   .     o - +0 pair of boots
Gourm  .                        (no amulet)
MR     +....                    (no ring)
                                e - ring of protection from magic

@: somewhat resistant to hostile enchantments, unstealthy
A: no striking features
a: no special abilities


You were on level 3 of the Dungeon.
You were hungry.

You visited 1 branch of the dungeon, and saw 3 of its levels.

You collected 154 gold pieces.

Inventory:

Hand weapons
 a - a +0 war axe (weapon)
 i - a +0 whip
Armour
 g - a +0 cloak (worn)
 o - a +0 pair of boots (worn)
 t - a +0 ring mail (worn)
Comestibles
 c - 4 bread rations
 f - a rotting chunk of orc flesh
 j - a meat ration
Scrolls
 d - a scroll of enchant weapon
 l - a scroll of enchant armour
 m - 2 scrolls of recharging {unknown}
 n - 2 scrolls of remove curse
 p - a scroll of immolation {unknown}
Jewellery
 e - a ring of protection from magic (left hand)
 u - an uncursed ring of teleportation
Potions
 h - a potion of curing
 s - a potion of mutation
Books
 b - a book of Air

   Spells                             Type                      Level
   *Shock                             Conjuration/Air              1
   Swiftness                          Charms/Air                   2
   Repel Missiles                     Charms/Air                   2
   Flight                             Charms/Air                   3
   *Static Discharge                  Conjuration/Air              3
   Lightning Bolt                     Conjuration/Air              5


   Skills:
 + Level 0.8 Fighting
 + Level 1.3 Armour
 * Level 2.9 Dodging
 + Level 2.5 Stealth
 * Level 2.5 Spellcasting
 + Level 1.6 Conjurations
 * Level 3.4 Air Magic


You had 5 spell levels left.
You knew the following spells:

 Your Spells              Type           Power        Failure   Level  Hunger
a - Shock                 Conj/Air       ##..         10%         1    None
b - Static Discharge      Conj/Air       ##......     24%         3    ###....


Dungeon Overview and Level Annotations

Branches:
Dungeon (3/15)

Annotations:
D:2 Terence
D:3 1100001001's ghost, average NaTm


Message History

You slash something! Something hits you but does no damage.
The orc priest utters an invocation to Beogh.
You feel a wave of unholy energy pass over you.
You hear some strange, mumbled words.
The puff of flame hits you!
Casting: Shock
Confirm with . or Enter, or press ? or * to list all spells.
Aiming: Shock
Press: ? - help, Shift-Dir - straight line, f - orc
Aim: an orc
Okay, then.
Unknown command.
Read which item? (? for menu, Esc to quit)
Okay, then.
The puff of flame misses you. The puff of flame hits you!
* * * LOW HITPOINT WARNING * * *
The orc priest mumbles some strange prayers to Beogh against you.
Something smites you!
You die...

#.#.######<#.......
#o#.# #.######.#
#o#.# #.# #.# #)#.#
#.######.# #.#.#
#.#....... #.#.#
#........# #.#.#
###.####.# #.#.##
#.# #.#
#.@..#######.# #.#
#[...........# #.#
##...############.#
##.## #.....# #.#
#.##### #.##### #.#
#.....# #.# #####.#
#.# #o# #.#


You could see an orc priest and an orc.

Vanquished Creatures
  A phantom (D:3)
  An orc wizard (D:3)
  Ijyb (D:2)
  2 adders (D:2)
  6 orcs (D:3)
  2 ball pythons (D:2)
  3 giant cockroaches
  A hobgoblin (D:1)
  7 jackals
  5 bats
  5 giant newts
  5 goblins
  7 kobolds
  5 rats
51 creatures vanquished.

Vanquished Creatures (others)
  5 sheep (D:3)
  A plant (D:2)
6 creatures vanquished.

Grand Total: 57 creatures vanquished

Notes
Turn   | Place    | Note
--------------------------------------------------------------
     0 | D:1      | Johnny, the Demigod Air Elementalist, began the quest for the Orb.
     0 | D:1      | Reached XP level 1. HP: 14/14 MP: 3/3
   424 | D:1      | Reached skill level 1 in Conjurations
   424 | D:1      | Reached XP level 2. HP: 20/20 MP: 2/4
   635 | D:2      | Found a glowing silver altar of Zin.
   990 | D:2      | Noticed Terence
  1465 | D:2      | Noticed Ijyb
  1490 | D:2      | Killed Ijyb
  1490 | D:2      | Reached skill level 3 in Air Magic
  1490 | D:2      | Reached XP level 3. HP: 14/27 MP: 0/7
  1495 | D:2      | Learned a level 3 spell: Static Discharge
  2371 | D:3      | Noticed 1100001001's ghost (average NaTm)
  2716 | D:3      | Found a shimmering altar of Xom.
  3092 | D:3      | Noticed a phantom
  3145 | D:3      | Killed a phantom
  3145 | D:3      | Reached skill level 1 in Armour
  3145 | D:3      | Reached XP level 4. HP: 13/34 MP: 0/11
  3151 | D:3      | Reached XP level 5. HP: 14/39 MP: 1/12
  3501 | D:3      | Killed from afar by an orc priest

Action                   |  1- 3 |  4- 6 || total
-------------------------+-------+-------++-------
Melee: Unarmed           |     6 |       ||     6
       Whip              |    88 |    14 ||   102
       War axe           |       |    25 ||    25
 Cast: Shock             |    96 |       ||    96
       Static Discharge  |     7 |       ||     7
  Use: Potion            |     6 |       ||     6
       Scroll            |     5 |     2 ||     7
  Eat: Chunk             |     8 |     2 ||    10
